 Dungeon Crawl Stone Soup version 0.22-a0-51-g1bb26a1 (webtiles) character file.

38724 Halberto the Severer (level 13, -1/123 HPs)
             Began as a Deep Dwarf Fighter on Jan 8, 2018.
             Was a High Priest of Makhleb.
             Slain by an ice dragon (4 damage)
             ... on level 15 of the Dungeon on Jan 10, 2018.
             The game lasted 01:01:53 (13105 turns).

Halberto the Severer (Deep Dwarf Fighter)          Turns: 13105, Time: 01:01:54

Health: -1/123     AC: 17    Str: 22    XL:     13   Next: 65%
Magic:  0/0        EV:  5    Int: 10    God:    Makhleb [*****.]
Gold:   100        SH: 15    Dex: 16    Spells: 12/12 levels left

rFire    + . .     SeeInvis .   a - +3 war axe (flame)
rCold    . . .     Gourm    .   n - +2 shield
rNeg     . . .     Faith    .   C - +0 plate armour
rPois    .         Spirit   .   Z - +0 helmet
rElec    .         Reflect  .   A - +1 cloak
rCorr    .         Harm     .   x - +0 pair of gloves
MR       +....                  X - +0 pair of boots
Stlth    ..........             K - amulet of magic regeneration
HPRegen  0.00/turn              m - ring of protection from fire
MPRegen  0.32/turn              k - +2 ring of strength

@: non-regenerating, hasted, very quick
A: damage resistance, heal wounds, sense surroundings 2, no regeneration
a: Heal Wounds, Minor Destruction, Lesser Servant of Makhleb, Major Destruction,
Greater Servant of Makhleb, Renounce Religion


You were on level 15 of the Dungeon.
You worshipped Makhleb.
Makhleb was extremely pleased with you.
You were not hungry.

You visited 1 branch of the dungeon, and saw 15 of its levels.
You visited 1 bazaar.
You also visited: Sewer and Ossuary.

You collected 941 gold pieces.
You spent 841 gold pieces at shops.

Inventory:

Hand Weapons
 a - a +3 war axe of flaming (weapon)
 b - a +0 arbalest
 c - a +1 broad axe of draining
 d - a +0 battleaxe
Missiles
 B - 45 bolts
Armour
 n - a +2 shield (worn)
 x - a +0 pair of gloves (worn)
 A - a +1 cloak (worn)
 C - a +0 plate armour (worn)
 X - a +0 pair of boots (worn)
 Z - a +0 helmet (worn)
Jewellery
 k - a +2 ring of strength (right hand)
 m - a ring of protection from fire (left hand)
 s - an uncursed ring of positive energy
 K - an amulet of magic regeneration (around neck)
Scrolls
 e - 4 scrolls of amnesia {unknown}
 g - 12 scrolls of identify
 h - 5 scrolls of immolation {unknown}
 o - 2 scrolls of fog {unknown}
 q - 10 scrolls of teleportation
 v - 4 scrolls of enchant armour {unknown}
 y - 11 scrolls of remove curse
 E - 3 scrolls of blinking
 G - a scroll of vulnerability {unknown}
 I - 5 scrolls of enchant weapon
 R - 2 scrolls of silence
 S - a scroll of fear {unknown}
 T - a scroll of holy word
 U - 3 scrolls of magic mapping {unknown}
 Y - 2 scrolls of brand weapon {unknown}
Potions
 i - 10 potions of flight
 j - 3 potions of magic {unknown}
 l - a potion of cancellation {unknown}
 p - 8 potions of heal wounds {unknown}
 r - 5 potions of degeneration {unknown}
 u - 2 potions of ambrosia {unknown}
 w - 2 potions of resistance
 z - 4 potions of might
 F - 4 potions of lignification {unknown}
 H - a potion of invisibility {unknown}
 L - a potion of agility
 M - 6 potions of haste
 N - 7 potions of curing
 O - a potion of brilliance {unknown}
Miscellaneous
 t - a fan of gales
 P - a sack of spiders
Comestibles
 f - 23 rations


   Skills:
 - Level 10.1 Fighting
 + Level 17.6 Axes
 - Level 3.2 Armour
 * Level 11.8 Shields
 - Level 10.0 Invocations


You had 12 spell levels left.
You didn't know any spells.

Dungeon Overview and Level Annotations

Branches:
Dungeon (15/15)            Temple (0/1) D:5            Lair (0/6) D:11
    Orc (0/2) D:11         Vaults (0/5) D:14
 Depths: D:15

Altars:
Cheibriados
Elyvilon
Kikubaaqudgha
Makhleb
Okawaru
Qazlal
Trog
Beogh

Shops:
D:8 !


Innate Abilities, Weirdness & Mutations

You are resistant to damage.
You can heal yourself by infusing magical energy.
You passively map the area around you.
You do not regenerate.


Message History

* * * LOW HITPOINT WARNING * * *
You block the ice dragon's attack. The ice dragon completely misses you.
You block the ice dragon's attack.
Your magical essence is drained by the effort!
You feel much better.
The ice dragon bites you but does no damage.
You block the ice dragon's attack. x2
You barely miss the ice dragon.
The ice dragon is heavily wounded.
You hit the ice dragon. You burn the ice dragon.
The ice dragon breathes frost at you. The blast of cold hits you!
* * * LOW HITPOINT WARNING * * *
You don't have enough innate magic capacity.
The ice dragon bites you but does no damage.
The ice dragon barely misses you. x2
The ice dragon bites you.
* * * LOW HITPOINT WARNING * * *
The ice dragon claws you.
You die...

, , , ,* .#, , .. #.##
* ..# #.# ###
##.####.########## #
###...#........@...###
#
##......########.D....#
#
#......##$$$$.###.8..##
##
......##.......##D..##
#. ......# * *#.....##
#. .##...##.......#####
##. ##...##$$$$.# #..
#....########
###########..
##......)...##
###.......##...


You could see 2 ice dragons.

Vanquished Creatures
  Frances (D:14)
  2 hydras
  2 vault guards (D:14)
  2 centaur warriors
  11 two-headed ogres
  3 skeletal warriors (D:14)
  An unseen horror (D:11)
  5 ugly things
  Pikel (D:5)
  A manticore (D:15)
  4 slime creatures (D:12)
  Maurice (D:9)
  A gargoyle (D:10)
  A komodo dragon (D:10)
  3 efreet (D:15)
  A yaktaur (D:14)
  5 trolls
  Grinder (D:6)
  A hornet (D:11)
  2 hippogriffs
  3 shadows
  2 vampires
  3 wyverns
  13 yaks
  6 vampire mosquitoes
  6 hungry ghosts
  Edmund (D:4)
  The ghost of holliwood the Sneak, an amateur OpAs of Hepliaklqana (D:4)
  A soldier ant (D:11)
  2 water moccasins
  2 hell hounds (D:11)
  5 phantoms
  An eye of draining (D:13)
  8 orc warriors
  5 ice beasts
  3 sky beasts
  3 slaves (D:5)
  3 ogres
  13 centaurs
  A necrophage (D:9)
  A crocodile (D:14)
  2 big kobolds
  11 bullfrogs
  A water moccasin zombie (D:6)
  A wyvern skeleton (D:6)
  7 scorpions
  3 killer bees (D:7)
  6 wights
  7 howler monkeys
  4 centaur zombies
  5 crimson imps
  3 quasits
  14 orc priests
  4 hounds
  4 jellies
  Crazy Yiuf (D:4)
  3 centaur skeletons
  14 orc wizards
  4 bullfrog skeletons
  A gnoll shaman (D:5)
  4 iguanas
  Terence (D:2)
  A merfolk siren (Sewer)
  A merfolk avatar (Sewer)
  11 worker ants
  2 killer bee zombies (D:8)
  A hound zombie (D:8)
  A hound skeleton (D:7)
  8 mummies (Ossuary)
  6 gnolls
  18 adders
  4 river rats
  5 shadow imps
  3 adder skeletons
  An adder zombie (D:8)
  3 worms (D:3)
  2 dart slugs
  10 leopard geckos
  57 orcs
  4 ball pythons
  7 giant cockroaches
  3 gnoll zombies (Ossuary)
  4 goblins
  6 hobgoblins
  8 jackals
  14 kobolds
  2 quokkas
  5 bats
  9 frilled lizards
  2 hobgoblin zombies (Ossuary)
  3 kobold zombies (Ossuary)
  33 rats
466 creatures vanquished.

Vanquished Creatures (collateral kills)
  3 vault guards (D:14)
  A cyclops (D:11)
  A yaktaur (D:14)
  2 tengu conjurers (D:14)
  2 yaks (D:11)
  A human (D:14)
  2 soldier ants
  3 acid dragons (D:11)
  A water moccasin (D:11)
  An ice beast (D:11)
  An ogre (D:10)
  A gnoll sergeant (D:8)
  2 howler monkeys (D:11)
  A hound (D:11)
  2 orc wizards
  2 orcs (D:11)
  2 jackals (D:11)
  2 kobolds (D:11)
30 creatures vanquished.

Vanquished Creatures (others)
  An adder (D:5)
  A leopard gecko (D:5)
2 creatures vanquished.

Grand Total: 498 creatures vanquished

Notes
Turn   | Place    | Note
-------+----------+-------------------------------------------
     0 | D:1      | Halberto the Deep Dwarf Fighter began the quest for the Orb.
     0 | D:1      | Reached XP level 1. HP: 20/20 MP: 1/1
   170 | D:1      | Reached skill level 3 in Axes
   170 | D:1      | Reached XP level 2. HP: 24/27 MP: 2/2
   690 | D:2      | Reached XP level 3. HP: 17/34 MP: 3/3
   716 | D:2      | Reached skill level 4 in Axes
  1114 | D:2      | Noticed Terence
  1128 | D:2      | Killed Terence
  1128 | D:2      | Reached XP level 4. HP: 33/42 MP: 4/4
  1581 | D:3      | Reached skill level 5 in Axes
  1582 | D:3      | Reached XP level 5. HP: 45/49 MP: 5/5
  1734 | D:3      | Found a glowing drain.
  1739 | Sewer    | Entered a sewer
  2023 | Sewer    | Reached skill level 6 in Axes
  2023 | Sewer    | Reached XP level 6. HP: 48/57 MP: 5/5
  2216 | D:3      | Found an ancient bone altar of Kikubaaqudgha.
  2522 | D:4      | Found a snail-covered altar of Cheibriados.
  2570 | D:4      | Noticed holliwood's ghost (amateur OpAs)
  2591 | D:4      | Killed holliwood's ghost
  2591 | D:4      | Reached skill level 7 in Axes
  2591 | D:4      | Reached XP level 7. HP: 51/66 MP: 6/6
  2919 | D:4      | Reached skill level 5 in Fighting
  2933 | D:4      | Reached skill level 8 in Axes
  2955 | D:4      | Found a runed door.
  3030 | D:4      | Noticed Crazy Yiuf
  3036 | D:4      | Killed Crazy Yiuf
  3270 | D:4      | Noticed Edmund
  3277 | D:4      | Killed Edmund
  3329 | D:4      | Found a burning altar of Makhleb.
  3334 | D:4      | Noticed a cacodemon
  3338 | D:4      | Noticed a hellwing
  3338 | D:4      | Noticed a smoke demon
  3340 | D:4      | Became a worshipper of Makhleb the Destroyer
  3433 | D:5      | Entered Level 5 of the Dungeon
  3442 | D:5      | Found an iron altar of Okawaru.
  3451 | D:5      | Reached skill level 1 in Invocations
  3451 | D:5      | Reached XP level 8. HP: 42/75 MP: 7/7
  3468 | D:5      | Noticed Pikel
  3496 | D:5      | Killed Pikel
  3496 | D:5      | Reached skill level 9 in Axes
  3758 | D:5      | Reached skill level 10 in Axes
  3827 | D:5      | Gained mutation: You passively map the area around you. [Deep Dwarf growth]
  3827 | D:5      | Reached XP level 9. HP: 56/85 MP: 11/11
  3837 | D:5      | Reached * piety under Makhleb
  4001 | D:5      | Reached skill level 5 in Invocations
  4254 | D:5      | Found a staircase to the Ecumenical Temple.
  4368 | D:6      | Noticed Grinder
  4400 | D:6      | Paralysed by Grinder for 4 turns
  4410 | D:6      | Paralysed by Grinder for 4 turns
  4417 | D:6      | Killed Grinder
  4440 | D:6      | Reached skill level 11 in Axes
  4607 | D:6      | Reached ** piety under Makhleb
  5623 | D:7      | Reached XP level 10. HP: 89/94 MP: 13/13
  5655 | D:7      | Found a bloodstained altar of Trog.
  5668 | D:7      | Reached skill level 12 in Axes
  6570 | D:8      | Found a stormy altar of Qazlal.
  6633 | D:8      | Noticed a two-headed ogre
  6659 | D:8      | Killed a two-headed ogre
  6833 | D:8      | Found Zuataquh's Distillery.
  6841 | D:8      | Bought a potion of agility for 44 gold pieces
  6841 | D:8      | Bought a potion of curing for 33 gold pieces
  6841 | D:8      | Bought 2 potions of haste for 220 gold pieces
  6952 | D:8      | Found a sand-covered staircase.
  6959 | Ossuary  | Entered an ossuary
  6977 | Ossuary  | Reached *** piety under Makhleb
  7174 | D:8      | Noticed a two-headed ogre
  7200 | D:8      | Killed a two-headed ogre
  7200 | D:8      | Reached skill level 13 in Axes
  7728 | D:9      | Found a stormy altar of Qazlal.
  7736 | D:9      | Noticed Maurice
  7795 | D:9      | Killed Maurice
  8174 | D:9      | Reached XP level 11. HP: 85/104 MP: 14/14
  8566 | D:10     | Entered Level 10 of the Dungeon
  8566 | D:10     | Noticed a two-headed ogre
  8576 | D:10     | Killed a two-headed ogre
  8658 | D:10     | Reached **** piety under Makhleb
  8895 | D:10     | Reached skill level 14 in Axes
  9012 | D:10     | Reached skill level 10 in Invocations
  9401 | D:11     | Noticed a two-headed ogre
  9406 | D:11     | Killed a two-headed ogre
  9482 | D:11     | Found a staircase to the Lair.
  9630 | D:11     | Reached ***** piety under Makhleb
  9630 | D:11     | Reached skill level 15 in Axes
  9645 | D:11     | Killed an unseen horror
  9716 | D:11     | Noticed a two-headed ogre
  9729 | D:11     | Killed a two-headed ogre
  9737 | D:11     | Found a staircase to the Orcish Mines.
  9792 | D:11     | Found a roughly hewn altar of Beogh.
  9846 | D:11     | Noticed a brown ugly thing
  9866 | D:11     | Killed a brown ugly thing
  9866 | D:11     | Reached skill level 10 in Fighting
  9866 | D:11     | Reached XP level 12. HP: 88/116 MP: 8/8
 10029 | D:11     | Upgraded the game from 0.22-a0-49-g614aadd to 0.22-a0-51-g1bb26a1
 10237 | D:12     | Reached skill level 16 in Axes
 10343 | D:12     | Noticed a seven-headed hydra
 10384 | D:12     | Killed a ten-headed hydra
 10485 | D:12     | Reached skill level 5 in Shields
 10811 | D:13     | Noticed a two-headed ogre
 10822 | D:13     | Killed a two-headed ogre
 10909 | D:13     | Noticed a two-headed ogre
 10923 | D:13     | Killed a two-headed ogre
 10949 | D:13     | Noticed a two-headed ogre
 10962 | D:13     | Killed a two-headed ogre
 10987 | D:13     | Noticed a two-headed ogre
 11035 | D:13     | Killed a two-headed ogre
 11108 | D:13     | Noticed a two-headed ogre
 11114 | D:13     | Killed a two-headed ogre
 11363 | D:14     | Noticed a vault guard
 11516 | D:14     | Found a burning altar of Makhleb.
 11526 | D:14     | Found a white marble altar of Elyvilon.
 11576 | D:14     | Found a gateway to a bazaar.
 11613 | Bazaar   | Entered a bazaar
 11628 | Bazaar   | Found Nieclad's Food Shoppe.
 11628 | Bazaar   | Found Faxuypp's Armour Emporium.
 11649 | Bazaar   | Found Nehenacits's Magic Scroll Emporium.
 11654 | Bazaar   | Bought a scroll of blinking for 97 gold pieces
 11654 | Bazaar   | Bought a scroll of holy word for 97 gold pieces
 11654 | Bazaar   | Bought a scroll of enchant weapon for 97 gold pieces
 11654 | Bazaar   | Bought a scroll of silence for 97 gold pieces
 11654 | Bazaar   | Bought a scroll of remove curse for 39 gold pieces
 11654 | Bazaar   | Bought a scroll of random uselessness for 13 gold pieces
 11726 | Bazaar   | Bought a scroll of identify for 26 gold pieces
 11726 | Bazaar   | Bought a scroll of identify for 26 gold pieces
 11726 | Bazaar   | Bought a scroll of identify for 26 gold pieces
 11726 | Bazaar   | Bought a scroll of identify for 26 gold pieces
 11874 | D:14     | Noticed a centaur warrior
 11883 | D:14     | Killed a centaur warrior
 11922 | D:14     | Reached XP level 13. HP: 60/123 MP: 5/5
 11923 | D:14     | Reached skill level 17 in Axes
 11957 | D:14     | Noticed Frances
 11970 | D:14     | Killed Frances
 12053 | D:14     | Reached skill level 10 in Shields
 12356 | D:14     | Found a gate to the Vaults.
 12536 | D:15     | Entered Level 15 of the Dungeon
 13092 | D:15     | HP: 1/123 [ice dragon/blast of cold (56)]
 13100 | D:15     | HP: 6/123 [ice dragon/blast of cold (27)]
 13105 | D:15     | HP: 3/123 [ice dragon (3)]
 13105 | D:15     | Slain by an ice dragon

Vault maps used:
D:1:      scummos_arrival_star
D:2:      first_ration, minmay_hedge_maze, serial_bayou_pond_e, uniq_terence
D:3:      marbit_many_paths, lightli_sewer_entry_pipes, hex_medium,
          kennysheep_generic_room_13
D:4:      makhleb_altar_promises_db, cheibriados_altar_1,
          uniq_crazy_yiuf_cottage, uniq_edmund
D:5:      kennysheep_windowed_halls, okawaru_ov_weapons_minmay,
          nicolae_overflow_hidden_temple, minmay_temple_entry_mist,
          serial_glass, glass_columns_a, glass_columns_b,
          hangedman_decor_diamond_cutter, patterned_corridor, uniq_pikel
D:6:      uniq_grinder
D:7:      lightli_temple_of_fire
D:8:      basic_altar, enter_ossuary_1, serial_shops, shop
D:9:      lemuel_doored_altar, uniq_maurice
D:11:     minmay_lair_entry_lava, minmay_orc_entry_temple_small,
          hangedman_pestilent_swarm
D:14:     grunt_vaults_entry_fortified, old_standard_altar, basic_altar,
          serial_shops, bzr_entry_lakeside, corexii_corridor_pit,
          nrook_mini_backslash, uniq_frances
D:15:     grunt_enter_depths_hoard
Bazaar:   bazaar_short_row
Sewer:    sewer_sea
Ossuary:  ossuary_tomb_3

Skill      XL: |  1  2  3  4  5  6  7  8  9 10 11 12 13 |
---------------+----------------------------------------+-----
Axes           | 3 4 5 6 7 8 10 11 13 15 16 17 | 17.6
Fighting       | 3 4 5 6 7 8 10 | 10.1
Invocations    | 1 4 7 9 10 | 10.0
Shields        | 8 11 | 11.8
Armour         | |  3.2

Action                   |  1- 3 |  4- 6 |  7- 9 | 10-12 | 13-15 || total
-------------------------+-------+-------+-------+-------+-------++-------
Melee: War axe           |    93 |   272 |   373 |   551 |    72 ||  1361
       Battleaxe         |       |       |    43 |    25 |       ||    68
       Broad axe         |       |       |       |   374 |   101 ||   475
Invok: Minor Destruction |       |       |       |     7 |     5 ||    12
       Lesser Servant of |       |       |       |     7 |     1 ||     8
       Major Destruction |       |       |       |     3 |     5 ||     8
       Greater Servant o |       |       |       |       |     1 ||     1
 Abil: Heal Wounds       |     1 |     6 |    17 |    50 |     6 ||    80
  Use: Scroll            |       |       |       |     2 |       ||     2
       Potion            |       |       |       |       |     1 ||     1
 Stab: Distracted        |       |       |       |     3 |     1 ||     4
  Eat: Chunk             |     1 |     5 |    11 |    27 |     6 ||    50
       Ration            |       |       |     1 |     2 |       ||     3
Armor: Scale mail        |    61 |   144 |    59 |       |       ||   264
       Plate armour      |       |       |   263 |   642 |    71 ||   976
Dodge: Dodged            |    60 |   124 |   141 |   220 |    26 ||   571
Block: Shield            |       |       |       |   102 |   119 ||   221

Table legend:
 A = Spawn XP
 B = Non-spawn XP
 C = Spawn XP percentage of total XP
 D = Spawn monster count
 E = Non-spawn monster count
 F = Spawn count percentage of total count
 G = Total turns spent on level
                    A         B        C        D         E        F      G
               +---------+---------+-------+---------+---------+-------+---------
         Total |       0 |   55321 |   0.0 |       0 |     493 |   0.0 | 13105
               +---------+---------+-------+---------+---------+-------+---------
           D:1 |       0 |      31 |   0.0 |       0 |      20 |   0.0 |   676
           D:2 |       0 |      87 |   0.0 |       0 |      12 |   0.0 |   649
           D:3 |       0 |     162 |   0.0 |       0 |      25 |   0.0 |   754
           D:4 |       0 |     974 |   0.0 |       0 |      33 |   0.0 |   946
           D:5 |       0 |    2081 |   0.0 |       0 |      33 |   0.0 |   935
           D:6 |       0 |    1225 |   0.0 |       0 |      32 |   0.0 |   893
           D:7 |       0 |    1228 |   0.0 |       0 |      19 |   0.0 |  1239
           D:8 |       0 |    3504 |   0.0 |       0 |      36 |   0.0 |  1041
           D:9 |       0 |    1987 |   0.0 |       0 |      23 |   0.0 |   843
          D:10 |       0 |    4440 |   0.0 |       0 |      31 |   0.0 |   808
          D:11 |       0 |    6839 |   0.0 |       0 |      62 |   0.0 |   674
          D:12 |       0 |    6420 |   0.0 |       0 |      34 |   0.0 |   596
          D:13 |       0 |    6005 |   0.0 |       0 |      24 |   0.0 |   608
          D:14 |       0 |   13856 |   0.0 |       0 |      37 |   0.0 |  1142
          D:15 |       0 |    6161 |   0.0 |       0 |      14 |   0.0 |   569
         Sewer |       0 |     161 |   0.0 |       0 |      42 |   0.0 |   408
       Ossuary |       0 |     160 |   0.0 |       0 |      16 |   0.0 |   182
               +---------+---------+-------+---------+---------+-------+---------
